 Dungeon Crawl Stone Soup version 0.31.0-9-g3a7656b989 (webtiles) character file.

Game seed: 11668606334098111486

201969 Jannitor the Peltast (level 18, -3/151 HPs)
             Began as an Armataur Conjurer on Jan 28, 2024.
             Was a High Priest of Okawaru.
             Slain by an orc knight
             ... wielding a +3 halberd
              (25 damage)
             ... while paralysed by a sphinx
             ... on level 3 of the Elven Halls on Jan 29, 2024.
             The game lasted 01:00:27 (28033 turns).

Jannitor the Peltast (Armataur Conjurer)           Turns: 28033, Time: 01:00:27

Health: -3/151     AC: 31    Str: 30    XL:     18   Next: 31%
Magic:  35/35      EV:  1    Int: 19    God:    Okawaru [*****.]
Gold:   105        SH:  0    Dex:  8    Spells: 19/20 levels left

rFire   + . .        X - +4 eveningstar (flame)
rCold   + . .        a - +3 tower shield "Uvoumn" {Str+7}
rNeg    + . .        n - +0 plate armour "Nilepsut" {rElec Str+2}
rPois   .            Z - +0 helmet of Vehumet's Anger {Harm rC+ MP+9}
rElec   +            N - +0 cloak
rCorr   +            Y - +1 pair of gloves of Gallantry {rN+ rCorr}
SInv    .            m - +1 barding
Will    +....        I - amulet of regeneration Stlth
                     S - +4 ring of protection
HPRegen 5.15/turn    f - ring of protection from fire
MPRegen 2.22/turn

%: harm (+30% outgoing, +20% incoming), roll
@: confused, paralysed, finesse-ful, slowed
A: large, deformed body, tough skin 3, armoured tail, roll 2
a: Renounce Religion, Heroism, Finesse, Duel


You were on level 3 of the Elven Halls.
You worshipped Okawaru.
Okawaru was extremely pleased with you.
You visited 5 branches of the dungeon, and saw 26 of its levels.
You visited the Abyss 2 times.
You also visited: Ossuary and Gauntlet.

You collected 2713 gold pieces.
You spent 2608 gold pieces at shops.

Inventory:

Hand Weapons
 X - a +4 eveningstar of flaming (weapon)
Missiles
 d - 5 javelins
 o - 27 silver javelins (quivered)
 s - a throwing net
 J - a curare-tipped dart
Armour
 a - the +3 tower shield "Uvoumn" (worn) {Str+7}
   (Okawaru gifted it to you on level 3 of the Lair of Beasts)

   Str+7:     It affects your strength (+7).
 m - a +1 barding (worn)
 n - the +0 plate armour "Nilepsut" (worn) {rElec Str+2}
   (You bought it in a shop on level 2 of the Orcish Mines)

   Str+2:     It affects your strength (+2).
   rElec:     It insulates you from electricity.
 F - the +0 pair of gloves of Foolhardiness {*Corrode rPois Regen+ Dex+5}
   (You took it off Nikola on level 1 of the Depths)

   Dex+5:     It affects your dexterity (+5).
   rPois:     It protects you from poison Regen+: It increases your rate of
   health regeneration.
   *Corrode:  It may corrode you when you take damage.
 L - a +2 plate armour of poison resistance
 N - a +0 cloak (worn)
 Y - the +1 pair of gloves of Gallantry (worn) {rN+ rCorr}
   (You acquired it on level 4 of the Lair of Beasts)

   rN+:       It protects you from negative energy.
   rCorr:     It protects you from acid and corrosion.
 Z - the +0 helmet of Vehumet's Anger (worn) {Harm rC+ MP+9}
   (You found it in a Gauntlet)

   rC+:       It protects you from cold.
   MP+9:      It affects your magic capacity (+9).
   Harm:      It increases damage dealt and taken.
Jewellery
 f - a ring of protection from fire (right hand)
 u - a ring of protection from cold
 v - the ring "Qaeth" {Fly Int+3 SInv}
   (You found it on level 3 of the Elven Halls)

   [ring of flight]

   Int+3:     It affects your intelligence (+3).
   SInv:      It lets you see invisible.
   Fly:       It grants you flight.
 C - the ring of Seunirgh {Ice Str+3}
   (You found it in a Gauntlet)

   [ring of ice]

   Ice:       It enhances your ice magic.
   Str+3:     It affects your strength (+3).
   rF-:       It makes you vulnerable to fire.
   rC+:       It protects you from cold.
 I - an amulet of regeneration (around neck)
 M - a ring of protection from fire
 S - a +4 ring of protection (left hand)
 V - a ring of see invisible
Wands
 t - a wand of flame (64)
 y - a wand of digging (20)
 O - a wand of mindburst (1)
 P - a wand of iceblast (15)
 U - a wand of quicksilver (6)
Scrolls
 c - a scroll of fog
 e - 10 scrolls of teleportation
 g - 2 scrolls of torment
 j - 10 scrolls of identify
 k - 3 scrolls of enchant armour
 l - 5 scrolls of revelation
 q - 5 scrolls of amnesia
 x - 2 scrolls of blinking
 B - a scroll of immolation
 D - 3 scrolls of vulnerability
 R - 4 scrolls of poison
 T - 5 scrolls of fear
Potions
 b - 2 potions of magic
 h - 4 potions of berserk rage
 i - a potion of invisibility
 p - 2 potions of cancellation
 r - 7 potions of enlightenment
 w - 3 potions of haste
 z - 6 potions of mutation
 A - 3 potions of brilliance
 E - 12 potions of curing
 H - 5 potions of lignification
 K - 3 potions of ambrosia
 Q - 3 potions of might
 W - a potion of resistance


   Skills:
 + Level 11.3 Fighting
 - Level 2.8(7.8) Axes
 * Level 12.4(12.6) Maces & Flails
 + Level 7.0 Throwing
 + Level 14.2 Armour
 - Level 5.6 Dodging
 - Level 3.2 Stealth
 * Level 20.2 Shields
 - Level 1.7 Spellcasting
 - Level 3.6 Conjurations
 + Level 11.8 Invocations
 + Level 11.8 Evocations


You had 19 spell levels left.
You knew the following spells:

 Your Spells              Type           Power      Damage    Failure   Level
a - Magic Dart            Conj           60%        1d6       34%         1

Your spell library contained the following spells:

 Spells                   Type           Power      Damage    Failure   Level
 Searing Ray              Conj           30%        2d5       45%         2
 Sting                    Conj/Alch      32%        1d5       56%         1
 Apportation              Tloc           2%         N/A       83%         1
 Freeze                   Ice            4%         1d3       83%         1
 Necrotise                Necr           4%         1d4       83%         1
 Sandblast                Erth           2%         2d4       83%         1
 Hailstorm                Conj/Ice       8%         3d5       91%         3
 Stone Arrow              Conj/Erth      16%        3d8       91%         3
 Cigotuvi's Dreadful Rot  Necr/Alch/Air  2%         N/A       92%         2
 Ensorcelled Hibernation  Hex/Ice        2%         N/A       92%         2
 Mercury Vapours          Alch/Air       2%         N/A       92%         2
 Mephitic Cloud           Conj/Alch/Air  6%         N/A       95%         3
 Frozen Ramparts          Ice            2%         1d1       99%         3
 Fugue of the Fallen      Necr           1%         N/A       99%         3
 Passwall                 Erth           1%         N/A       99%         3
 Anguish                  Hex/Necr       0%         N/A       100%        4
 Brom's Barrelling Bould  Conj/Erth      8%         2d3       100%        4
 Fulminant Prism          Conj/Alch      4%         3d5       100%        4
 Ignite Poison            Fire/Alch      1%         N/A       100%        4
 Iskenderun's Mystic Bla  Conj/Tloc      8%         2d4       100%        4
 Olgreb's Toxic Radiance  Alch           1%         N/A       100%        4
 Passage of Golubria      Tloc           1%         N/A       100%        4
 Vhi's Electric Charge    Tloc/Air       2%         N/A       100%        4
 Arcjolt                  Conj/Air       4%         1d14      100%        5
 Freezing Cloud           Conj/Ice/Air   3%         6-21      100%        5
 Yara's Violent Unravell  Hex/Alch       0%         3d3       100%        5
 Maxwell's Capacitive Co  Air            0%         ∞         100%        8
 Summon Small Mammal      Summ           Unusable   N/A       N/A         1
 Tukima's Dance           Hex            Unusable   N/A       N/A         3

Dungeon Overview and Level Annotations

Branches:
Dungeon (15/15)            Temple (0/1) D:6            Lair (5/5) D:10
  Swamp (0/4) Lair:2        Snake (0/4) Lair:2        Slime (0/5) Lair:4
    Orc (2/2) D:12            Elf (3/3) Orc:2        Vaults (0/5) D:14
 Depths (1/4) D:15        Ossuary (visited)         Gauntlet (visited)

Altars:
Ashenzari
Cheibriados
Elyvilon
Fedhas
Gozag
Hepliaklqana
Kikubaaqudgha
Nemelex Xobeh
Okawaru
Qazlal
Trog
Uskayaw
Wu Jian
Xom
Jiyva
Lugonu

Shops:
D:1 [   D:9 ?   D:14 (   Orc:1 [   Orc:2 !![?[   Elf:2 *!   Elf:3 (

Portals:
Hell: Depths:1
Abyss: Depths:1

Annotations:
D:4 2 transporters
D:11 2 transporters, temujin's ghost, journeyman DjCj
Lair:3 3 runed translucent doors, ExZ's ghost, journeyman VSFi
Lair:4 2 transporters, Aricsoirch's ghost, journeyman GrFi
Elf:2 3 runed translucent doors


Innate Abilities, Weirdness & Mutations

Armour fits poorly on your strangely shaped body.
You have extremely tough skin. (AC +3)
You have a long armoured tail.
You regenerate magic and health when rolling toward enemies. (Rampage Regen)


Message History

Something smites you!
You puncture the deep troll! You burn the deep troll.
You kill the deep troll!
Okawaru accepts your kill.
The troll leather armour is intact enough to wear.
You block the orc knight's attack.
You roll towards the sphinx!
You barely miss the sphinx.
The sphinx mumbles some strange words.
You are confused.
You are too confused!
You are too confused!
Unknown command.
You are too confused!
Unknown command.
You bump into the rock wall.
The orc knight hits you but does no damage.
The orc knight hits you from afar with a +3 halberd!!
The sphinx mumbles some strange words.
You feel yourself slow down.
The orc knight no longer looks unusually strong.
The orc knight roars a battlecry!
The orc knight goes into a battle-frenzy!
The deep elf archer mumbles some strange words.
The deep elf archer blinks!
The orc knight hits you from afar with a +3 glaive!!
The sphinx mumbles some strange words.
You suddenly lose the ability to move!
The orc knight hits you but does no damage.
The orc knight hits you from afar with a +3 halberd!
The sphinx mumbles some strange words.
You resist with significant effort.
The sphinx hits you but does no damage. x2; The sphinx hits you.
The orc knight hits you from afar with a +3 glaive!!
The orc knight hits you but does no damage.
The sphinx mumbles some strange words.
Something smites you!
The orc knight hits you from afar with a +3 glaive!!
* * * LOW HITPOINT WARNING * * *
The orc knight hits you from afar with a +3 halberd!!
You die...

...................'.......
###..............#########
#.............##
#............##
#....####)'### #....# #.)#
###### #.)# #########o.###
#....))@Hoo..#
############.# #(# #.# #.#
#.# #.# #.###########
#............


You could see a sphinx and 3 orc knights.

Vanquished Creatures
  Nikola (Depths:1)
  A bone dragon (Abyss:3)
  Jorgrun (D:15)
  A lich (Depths:1)
  A deep elf blademaster (Elf:3)
  A deep elf master archer (Elf:3)
  3 tentacled starspawn
  An Executioner (Abyss:2)
  Louise (D:15)
  A deep elf sorcerer (Elf:3)
  A balrug (Abyss:4)
  A caustic shrike zombie (Depths:1)
  A deep elf elementalist (Elf:3)
  4 very ugly things
  2 deep elf demonologists
  A deep elf annihilator (Elf:3)
  2 deep elf death magi
  An eleionoma (Lair:2)
  A minotaur (Gauntlet)
  2 ettins (Depths:1)
  A blizzard demon (Gauntlet)
  3 fire dragons
  Snorg (D:10)
  3 deep elf high priests (Elf:3)
  2 rakshasas
  5 hydras
  2 vault guards (D:14)
  Erica (D:8)
  A spriggan skeleton (Abyss:2)
  4 centaur warriors
  9 dancing weapons
  An alligator (Lair:5)
  6 two-headed ogres
  2 boulder beetles (D:13)
  A deep troll shaman (Depths:1)
  A naga warrior (Abyss:2)
  A deep troll earth mage (Depths:1)
  A tengu warrior (D:15)
  Urug (Arena)
  A skyshark (Lair:5)
  A hell hog (Lair:5)
  4 orc high priests
  Nergalle (D:10)
  10 deep elf knights
  3 sun demons (Abyss:4)
  An iron troll (Depths:1)
  2 sixfirhies
  6 deep trolls
  An orange crystal statue (D:10)
  9 large abominations
  A lindwurm (Lair:5)
  2 arcanists (D:14)
  7 deep elf archers
  A swamp dragon (Lair:5)
  20 deep elf zephyrmancers
  12 orc knights
  3 orc sorcerers
  4 necromancers
  22 deep elf pyromancers
  3 starcursed masses (Abyss:4)
  A frost giant zombie (Depths:1)
  A shining eye (Abyss:2)
  26 ugly things
  10 cyclopes
  Maurice (D:7)
  3 manticores
  A centaur zombie (D:15)
  A salamander (Abyss:2)
  2 apocalypse crabs
  2 kobold blastminers
  A frost giant skeleton (Depths:1)
  A guardian serpent (Abyss:2)
  20 elephants
  3 meliai (D:13)
  A gargoyle (D:12)
  4 black mambas
  A fire giant skeleton (Depths:1)
  Joseph (D:7)
  A smoke demon (Abyss:2)
  2 torpor snails (Lair:5)
  2 unseen horrors
  A centaur skeleton (Abyss:3)
  10 cane toads
  A rime drake (shapeshifter) (D:13)
  2 yaktaurs
  A freezing wraith (D:15)
  2 tengu conjurers (D:15)
  An anaconda simulacrum (Abyss:2)
  8 rime drakes
  Psyche (D:10)
  16 komodo dragons
  4 efreet
  An ice devil (Gauntlet)
  An ancient zyme (Abyss:2)
  12 polar bears
  Grinder (D:5)
  3 trolls
  6 saltlings (Orc:2)
  A hornet (D:9)
  6 blink frogs
  6 slime creatures
  An ettin zombie (Depths:1)
  7 raiju
  Sigmund (D:6)
  A spriggan (shapeshifter) (D:14)
  2 shadows
  A centaur simulacrum (D:15)
  An air elemental (Elf:2)
  A vampire (D:11)
  3 wyverns (Lair:4)
  3 wraiths
  A ynoxinul (Abyss:2)
  A yak (shapeshifter) (D:15)
  Eustachio (D:5)
  5 basilisks
  3 fire elementals
  4 water elementals
  67 yaks
  18 humans (D:14)
  2 golden eyes (Abyss:3)
  A neqoxec (Abyss:2)
  A hog (shapeshifter) (D:13)
  4 vampire mosquitoes (D:14)
  15 wargs
  6 steam dragons
  Menkaure (D:6)
  A chaos spawn (Abyss:2)
  A naga (Lair:2)
  14 water moccasins
  3 acid dragons
  14 hell hounds (Lair:5)
  A naga skeleton (Abyss:4)
  2 ice beasts (D:10)
  2 swamp drakes (Lair:5)
  22 orc warriors
  4 sky beasts
  15 black bears
  4 laughing skulls
  8 ogres
  6 centaurs
  26 wolves
  2 lemures
  A phantom (D:5)
  15 bullfrogs
  2 kobold brigands
  A weeping skull (Ossuary)
  6 small abominations
  2 gnoll sergeants
  9 scorpions
  2 burial acolytes (Ossuary)
  8 killer bees
  5 howler monkeys
  A bombardier beetle (D:5)
  3 human zombies (Ossuary)
  5 jellies
  A gnoll bouda (D:7)
  6 hounds
  8 orc priests
  Jessica (D:2)
  9 iguanas
  4 sleepcaps
  21 orc wizards
  Terence (D:3)
  2 hound zombies (Ossuary)
  A boggart simulacrum (D:15)
  2 mummies (Ossuary)
  Robin (D:3)
  22 gnolls
  6 adders
  4 shadow imps
  9 white imps
  6 ufetubi
  5 dart slugs
  2 ribbon worms
  59 orcs
  2 ball pythons
  7 endoplasms
  2 giant cockroaches
  6 gnoll zombies (Ossuary)
  18 goblins
  5 hobgoblins
  4 jackals (D:4)
  6 quokkas
  6 bats
  7 frilled lizards
  13 kobolds
  4 orc zombies (Ossuary)
  7 rats
  A lurking horror (Abyss:2)
  2 starspawn tentacles (Abyss:2)
953 creatures vanquished.

Vanquished Creatures (others)
  A deep elf knight (Elf:2)
  A yak (Lair:5)
  An orc wizard (Orc:2)
  A white imp (Gauntlet)
  An orc (Orc:2)
  6 starspawn tentacles
11 creatures vanquished.

Grand Total: 964 creatures vanquished

Notes
Turn   | Place    | Note
-------+----------+-------------------------------------------
     0 | D:1      | Jannitor the Armataur Conjurer began the quest for the Orb.
     0 | D:1      | Reached XP level 1. HP: 14/14 MP: 3/3
   215 | D:1      | Found Ceatilluqaf's Antique Armour Boutique.
   339 | D:1      | Reached XP level 2. HP: 22/22 MP: 2/4
   555 | D:1      | Reached skill level 1 in Armour
  1150 | D:1      | Reached XP level 3. HP: 25/27 MP: 1/5
  1664 | D:2      | Noticed Jessica
  1671 | D:2      | Killed Jessica
  1672 | D:2      | Reached skill level 1 in Fighting
  1672 | D:2      | Reached skill level 1 in Axes
  1828 | D:2      | Reached XP level 4. HP: 33/35 MP: 4/6
  2225 | D:3      | Found a snail-covered altar of Cheibriados.
  2227 | D:3      | Found a bloodstained altar of Trog.
  2230 | D:3      | Found an iron altar of Okawaru.
  2233 | D:3      | Found a white marble altar of Elyvilon.
  2243 | D:3      | Became a worshipper of Warmaster Okawaru
  2394 | D:3      | Noticed Robin
  2413 | D:3      | Reached skill level 1 in Evocations
  2416 | D:3      | Killed Robin
  2499 | D:3      | Noticed Terence
  2502 | D:3      | Killed Terence
  2503 | D:3      | Reached XP level 5. HP: 40/40 MP: 7/7
  2856 | D:4      | Found a transporter.
  2869 | D:4      | Reached skill level 1 in Shields
  2917 | D:4      | Found a transporter.
  3296 | D:4      | Noticed a centaur
  3304 | D:4      | Killed a centaur
  3305 | D:4      | Reached skill level 2 in Shields
  3305 | D:4      | Reached XP level 6. HP: 15/48 MP: 8/8
  3309 | D:4      | HP: 1/48 [poisoned by an adder]
  3550 | D:1      | Bought a runed scale mail for 126 gold pieces
  3801 | D:4      | Found a sparkling altar of Nemelex Xobeh.
  3905 | D:5      | Entered Level 5 of the Dungeon
  3978 | D:5      | Reached * piety under Okawaru
  4228 | D:5      | Noticed an orc warrior
  4248 | D:5      | Killed an orc warrior
  4249 | D:5      | Reached skill level 3 in Shields
  4249 | D:5      | Reached skill level 1 in Invocations
  4249 | D:5      | Gained mutation: You regenerate magic and health when
                  | rolling toward enemies. (Rampage Regen) [Armataur growth]
  4249 | D:5      | Reached XP level 7. HP: 50/56 MP: 9/9
  4409 | D:5      | Noticed Grinder
  4431 | D:5      | Killed Grinder
  4431 | D:5      | Reached ** piety under Okawaru
  4432 | D:5      | Reached skill level 4 in Shields
  4435 | D:5      | Reached XP level 8. HP: 19/62 MP: 10/10
  4795 | D:5      | Reached skill level 5 in Shields
  4842 | D:5      | Reached skill level 1 in Maces & Flails
  4911 | D:5      | Reached *** piety under Okawaru
  5371 | D:5      | Found a broken altar of Ashenzari.
  5390 | D:5      | Reached skill level 5 in Armour
  5477 | D:5      | Reached XP level 9. HP: 50/71 MP: 11/11
  5883 | D:6      | Noticed Sigmund
  5913 | D:6      | Found a staircase to the Ecumenical Temple.
  6005 | D:6      | Found a stormy altar of Qazlal.
  6035 | D:6      | Noticed Eustachio
  6037 | D:6      | Noticed Menkaure
  6235 | D:5      | Reached skill level 6 in Shields
  6379 | D:5      | Killed Eustachio
  6500 | D:6      | Killed Menkaure
  6807 | D:6      | Found a blossoming altar of Fedhas.
  7001 | D:6      | Found an ancient bone altar of Kikubaaqudgha.
  7021 | D:6      | Found a hazy altar of Hepliaklqana.
  7323 | D:6      | Killed Sigmund
  7323 | D:6      | Reached **** piety under Okawaru
  7519 | D:7      | Noticed Joseph
  7521 | D:7      | Found a sand-covered staircase.
  7529 | D:7      | Killed Joseph
  7530 | D:7      | Reached skill level 7 in Shields
  7535 | Ossuary  | Entered an ossuary
  8097 | D:7      | Noticed Maurice
  8138 | D:8      | Reached XP level 10. HP: 80/80 MP: 13/13
  8279 | D:8      | Noticed Erica
  8282 | D:8      | Killed Erica
  8282 | D:8      | Reached ***** piety under Okawaru
  8365 | D:8      | Noticed a two-headed ogre
  8375 | D:8      | Killed a two-headed ogre
  8376 | D:8      | Reached skill level 8 in Shields
  8376 | D:8      | Reached skill level 5 in Evocations
  8689 | D:8      | Identified a scroll of acquirement
  8700 | D:8      | Acquired a manual of Shields
  8931 | D:8      | Reached skill level 5 in Fighting
  9042 | D:9      | Found Awaibyas's Magic Scroll Shoppe.
  9048 | D:9      | Bought a scroll of enchant armour for 105 gold pieces
  9048 | D:9      | Bought a scroll of blinking for 105 gold pieces
  9422 | D:9      | Reached skill level 9 in Shields
  9483 | D:9      | Reached skill level 5 in Invocations
  9532 | D:9      | Found an ornate altar of the Wu Jian Council.
  9533 | D:9      | Found an opulent altar of Gozag.
  9844 | D:7      | Killed Maurice
  9844 | D:7      | Received a gift from Okawaru
 10353 | D:10     | Entered Level 10 of the Dungeon
 10371 | D:9      | Reached XP level 11. HP: 88/88 MP: 14/14
 10501 | D:10     | Noticed Snorg
 10510 | D:10     | Noticed a two-headed ogre
 10516 | D:10     | Reached skill level 10 in Shields
 10667 | D:10     | Found a staircase to the Lair.
 10709 | D:10     | Killed a two-headed ogre
 10710 | D:10     | Reached skill level 5 in Dodging
 10723 | D:10     | Noticed Psyche
 10730 | D:10     | Killed Psyche
 10789 | D:10     | Noticed an orange crystal statue
 10814 | D:10     | Noticed Nergalle
 10829 | D:10     | Killed Nergalle
 10829 | D:10     | Received a gift from Okawaru
 11043 | Lair:1   | Entered Level 1 of the Lair of Beasts
 11059 | Lair:1   | Reached skill level 11 in Shields
 11113 | Lair:1   | Reached skill level 5 in Maces & Flails
 11352 | Lair:1   | Reached skill level 12 in Shields
 11377 | Lair:1   | Received a gift from Okawaru
 11392 | Lair:1   | Reached XP level 12. HP: 94/97 MP: 16/16
 11598 | Lair:1   | Reached skill level 13 in Shields
 12203 | Lair:1   | Received a gift from Okawaru
 12305 | Lair:2   | Noticed a five-headed hydra
 12365 | Lair:2   | Killed a five-headed hydra
 12484 | Lair:2   | Found a staircase to the Swamp.
 12484 | Lair:2   | Noticed an eleionoma
 12499 | Lair:2   | Killed an eleionoma
 12526 | Lair:2   | Reached skill level 14 in Shields
 13009 | Lair:2   | Found a staircase to the Snake Pit.
 13336 | Lair:3   | Reached ****** piety under Okawaru
 13337 | Lair:3   | Reached XP level 13. HP: 102/105 MP: 18/18
 13337 | Lair:3   | Acquired a +1 heavy eveningstar
 13337 | Lair:3   | Received a gift from Okawaru
 13343 | Lair:3   | Acquired the +3 tower shield "Uvoumn" {Str+7}
 13343 | Lair:3   | Received a gift from Okawaru
 13408 | Lair:3   | Found a runed translucent gate.
 13409 | Lair:3   | Found a runed translucent gate.
 13423 | Lair:3   | Reached skill level 15 in Shields
 13494 | Lair:3   | Reached skill level 10 in Armour
 13545 | Lair:3   | Found a runed translucent gate.
 13547 | Lair:3   | Noticed ExZ's ghost (journeyman VSFi)
 13649 | Lair:3   | Identified the +0 ring mail of Insecurity {Rampage rF+}
 13816 | Lair:3   | Received a gift from Okawaru
 14154 | Lair:4   | Found a transporter.
 14155 | Lair:4   | Found a transporter.
 14159 | Lair:4   | Noticed Aricsoirch's ghost (journeyman GrFi)
 14311 | Lair:4   | Found a viscous altar of Jiyva.
 14315 | Lair:4   | Found a staircase to the Slime Pits.
 14474 | Lair:4   | Received a gift from Okawaru
 14714 | Lair:5   | Entered Level 5 of the Lair of Beasts
 14731 | Lair:4   | Acquired the +1 pair of gloves of Gallantry {rN+ rCorr}
 14787 | Lair:4   | Reached skill level 16 in Shields
 15310 | Lair:5   | Received a gift from Okawaru
 15445 | Lair:5   | Identified the maw talisman of Tekoax {rElec Str+3 Stlth+}
 15596 | Lair:5   | Reached XP level 14. HP: 89/116 MP: 20/20
 15788 | Lair:5   | Found the +7 captain's cutlass {speed, disarm}
 15921 | Lair:5   | Reached skill level 17 in Shields
 16277 | Lair:5   | Received a gift from Okawaru
 16849 | D:10     | Noticed Urug
 16856 | Arena    | Entered the Arena
 16865 | Arena    | Killed Urug
 16878 | D:10     | Killed Snorg
 16958 | D:10     | Reached skill level 1 in Throwing
 17233 | D:11     | Identified the +0 leather armour of Baniss {rPois Will-
                  | Dex+8}
 17406 | D:11     | Found a transporter.
 17407 | D:11     | Found a bloodstained altar of Trog.
 17407 | D:11     | Noticed temujin's ghost (journeyman DjCj)
 17414 | D:11     | Found a transporter.
 17449 | D:11     | Found a snail-covered altar of Cheibriados.
 17628 | D:12     | Found a gate leading to a gauntlet.
 17631 | Gauntlet | Entered a Gauntlet
 17631 | Gauntlet | Found a transporter.
 17631 | Gauntlet | Found a transporter.
 17642 | Gauntlet | Found a transporter.
 17642 | Gauntlet | Found a transporter.
 17651 | Gauntlet | Found a transporter.
 17672 | Gauntlet | Found a transporter.
 17680 | Gauntlet | Found a transporter.
 17680 | Gauntlet | Found a transporter.
 17680 | Gauntlet | Noticed a cacodemon
 17684 | Gauntlet | Found a transporter.
 17711 | Gauntlet | Found a transporter.
 17718 | Gauntlet | Found a transporter.
 17736 | Gauntlet | Found a transporter.
 17740 | Gauntlet | Found a large runed translucent door.
 17776 | Gauntlet | Found a transporter.
 17778 | Gauntlet | Found a large runed translucent door.
 17778 | Gauntlet | Found a large runed translucent door.
 17779 | Gauntlet | Found a large runed translucent door.
 17779 | Gauntlet | Found a large runed translucent door.
 17780 | Gauntlet | Found a large runed translucent door.
 17780 | Gauntlet | Found a runed translucent door.
 17780 | Gauntlet | Found a runed translucent door.
 17780 | Gauntlet | Found a large runed translucent door.
 17780 | Gauntlet | Found a large runed translucent door.
 17781 | Gauntlet | Found a large runed translucent door.
 17781 | Gauntlet | Found a large runed translucent door.
 17784 | Gauntlet | Found a large runed translucent door.
 17784 | Gauntlet | Found a large runed translucent door.
 17786 | Gauntlet | Found a large runed translucent door.
 17786 | Gauntlet | Found a large runed translucent door.
 17786 | Gauntlet | Found a large runed translucent door.
 17788 | Gauntlet | Found a runed translucent gate.
 17788 | Gauntlet | Found a runed translucent gate.
 17788 | Gauntlet | Found a runed translucent gate.
 17790 | Gauntlet | Found a transporter.
 17801 | Gauntlet | Found a large runed translucent door.
 17891 | Gauntlet | Found a transporter.
 17905 | Gauntlet | Found a transporter.
 18057 | Gauntlet | Reached XP level 15. HP: 124/124 MP: 20/22
 18141 | Gauntlet | Identified the ring of Seunirgh {Ice Str+3}
 18182 | Gauntlet | Identified the +0 helmet of Vehumet's Anger {Harm rC+ MP+9}
 18338 | D:12     | Found a staircase to the Orcish Mines.
 18644 | D:12     | Found a bloodstained altar of Trog.
 18839 | D:13     | Identified the +1 dagger "Geleig Ridi" {venom, rElec Dex+2
                  | Stlth+}
 19003 | D:13     | Found a shimmering altar of Xom.
 19004 | D:13     | Found a shimmering altar of Xom.
 19004 | D:13     | Found a shimmering altar of Xom.
 19054 | D:13     | Reached skill level 18 in Shields
 19852 | D:14     | Reached skill level 10 in Evocations
 19959 | D:14     | Reached XP level 16. HP: 132/132 MP: 23/23
 19970 | D:14     | Found a hide-covered altar of Uskayaw.
 20009 | D:14     | Found Dessoit's Weapon Boutique.
 20322 | D:14     | Found a gate to the Vaults.
 20343 | D:14     | Reached skill level 10 in Invocations
 20460 | D:15     | Entered Level 15 of the Dungeon
 20588 | D:15     | Noticed Louise
 20615 | D:15     | Killed Louise
 20615 | D:15     | Received a gift from Okawaru
 20806 | D:15     | Reached skill level 10 in Maces & Flails
 21019 | D:15     | Reached skill level 10 in Fighting
 21106 | D:15     | Found an ornate altar of the Wu Jian Council.
 21109 | D:15     | Noticed Jorgrun
 21256 | D:15     | Found a staircase to the Depths.
 21292 | D:15     | Killed Jorgrun
 21430 | Orc:1    | Entered Level 1 of the Orcish Mines
 21438 | Orc:1    | Found Luwiagha's Antique Armour Emporium.
 21778 | Orc:2    | Entered Level 2 of the Orcish Mines
 21779 | Orc:2    | Found Wajaihug's Distillery.
 21974 | Orc:2    | Bought a potion of curing for 48 gold pieces
 21974 | Orc:2    | Bought a potion of curing for 48 gold pieces
 21974 | Orc:2    | Bought a potion of heal wounds for 80 gold pieces
 21974 | Orc:2    | Bought a potion of might for 64 gold pieces
 21974 | Orc:2    | Bought a potion of curing for 48 gold pieces
 22074 | Orc:2    | Found a staircase to the Elven Halls.
 22355 | Orc:2    | Found Qiomnum's Magic Scroll Shop.
 22453 | Orc:2    | Found Taepuwk's Armour Shop.
 22463 | Orc:2    | Bought a scroll of enchant weapon for 82 gold pieces
 22463 | Orc:2    | Bought a scroll of enchant armour for 82 gold pieces
 22463 | Orc:2    | Bought a scroll of teleportation for 33 gold pieces
 22466 | Orc:2    | Bought a scroll of fear for 44 gold pieces
 22466 | Orc:2    | Bought a scroll of fog for 44 gold pieces
 22847 | Orc:2    | Reached skill level 5 in Throwing
 23032 | Orc:2    | Found Xeojips Exey's Antique Armour Boutique.
 23079 | Orc:2    | Found Cuerchi's Distillery.
 23085 | Orc:2    | Bought a potion of berserk rage for 60 gold pieces
 23085 | Orc:2    | Bought a potion of mutation for 96 gold pieces
 23085 | Orc:2    | Bought a potion of curing for 36 gold pieces
 23085 | Orc:2    | Bought a potion of curing for 36 gold pieces
 23085 | Orc:2    | Bought a potion of cancellation for 96 gold pieces
 23267 | Depths:1 | Entered Level 1 of the Depths
 23292 | Depths:1 | Received a gift from Okawaru
 23315 | Depths:1 | Reached skill level 19 in Shields
 23359 | Depths:1 | Reached XP level 17. HP: 99/141 MP: 25/25
 23407 | Depths:1 | Identified the +0 pair of gloves of Foolhardiness {*Corrode
                  | rPois Regen+ Dex+5}
 23407 | Depths:1 | Noticed Nikola
 23603 | Orc:2    | Bought the +0 plate armour "Nilepsut" {rElec Str+2} for 576
                  | gold pieces
 23906 | Depths:1 | Killed Nikola
 23953 | Depths:1 | Found a corrupted altar of Lugonu.
 23954 | Depths:1 | Found a one-way gate to the infinite horrors of the Abyss.
 23970 | Depths:1 | Noticed a lich
 23973 | Depths:1 | Found the +3 pair of mountain boots {steadfast, rC+}
 23992 | Depths:1 | Found a gateway to Hell.
 24029 | Depths:1 | Killed a lich
 24266 | Elf:1    | Entered Level 1 of the Elven Halls
 24822 | Elf:1    | Received a gift from Okawaru
 25295 | Elf:2    | Found Utre's Distillery.
 25316 | Elf:2    | Found Sionim's Assorted Antiques.
 25321 | Elf:2    | Bought a potion of might for 68 gold pieces
 25321 | Elf:2    | Bought a potion of curing for 51 gold pieces
 25321 | Elf:2    | Bought a potion of curing for 51 gold pieces
 25321 | Elf:2    | Bought a potion of curing for 51 gold pieces
 25321 | Elf:2    | Bought a potion of heal wounds for 85 gold pieces
 25321 | Elf:2    | Bought a potion of haste for 170 gold pieces
 25321 | Elf:2    | Bought a potion of curing for 51 gold pieces
 25321 | Elf:2    | Bought 2 potions of ambrosia for 272 gold pieces
 25505 | Elf:2    | Paralysed by an air elemental for 1 turns
 25570 | Elf:2    | Found a runed translucent gate.
 25570 | Elf:2    | Found a runed translucent gate.
 25570 | Elf:2    | Found a runed translucent gate.
 25652 | Abyss:2  | Cast into level 2 of the Abyss (a deep elf demonologist)
 25719 | Abyss:2  | Found a corrupted altar of Lugonu.
 25750 | Abyss:2  | Found a corrupted altar of Lugonu.
 25775 | Abyss:2  | Found a corrupted altar of Lugonu.
 25815 | Abyss:2  | Found a corrupted altar of Lugonu.
 25830 | Abyss:2  | Found a corrupted altar of Lugonu.
 25833 | Abyss:2  | Found a corrupted altar of Lugonu.
 25833 | Abyss:2  | Found a corrupted altar of Lugonu.
 25961 | Abyss:2  | Received a gift from Okawaru
 26058 | Abyss:2  | Found a corrupted altar of Lugonu.
 26065 | Elf:2    | Escaped the Abyss
 26368 | Elf:3    | Entered Level 3 of the Elven Halls
 26470 | Abyss:3  | Cast into level 3 of the Abyss (a deep elf demonologist)
 26494 | Abyss:3  | Received a gift from Okawaru
 26788 | Abyss:3  | Noticed a bone dragon
 26803 | Abyss:3  | Killed a bone dragon
 27033 | Abyss:4  | Noticed a hellephant
 27087 | Abyss:4  | Reached XP level 18. HP: 136/151 MP: 26/26
 27121 | Elf:3    | Escaped the Abyss
 27125 | Elf:3    | Reached skill level 20 in Shields
 27670 | Elf:3    | Found Uvem's Antique Weapon Shoppe.
 27700 | Elf:3    | Identified the ring "Qaeth" {Fly Int+3 SInv}
 28030 | Elf:3    | Paralysed by a sphinx for 5 turns
 28033 | Elf:3    | Slain by an orc knight

Illustrated notes

Levels and vault maps discovered:
D:1:      minmay_arrival_four_loops, layout_basic, serial_shops, shop
D:2:      layout_basic, kennysheep_generic_room_11, uniq_jessica
D:3:      layout_basic, nicolae_overflow_macrodata_refinement,
          roderic_three_in_a_row, amcnicky_mini_corridor_feature, uniq_robin,
          uniq_terence
D:4:      gammafunk_wand_slinger, layout_basic, nemelex_spade_bored_becter
D:5:      minmay_octagon_keep, layout_loops_corners,
          mainiacjoe_overflow_catwalk, minmay_fractal_squares_gapless_5,
          uniq_pikel, uniq_grinder
D:6:      layout_loops_corners, fedhas_altar_2,
          mainiacjoe_overflow_large_starburst, nicolae_qazlal_eye_of_the_storm,
          temple_fountains, minmay_misc_feat_secret_circle, uniq_sigmund,
          uniq_eustachio, uniq_menkaure
D:7:      layout_basic, nicolae_ossuary_entry_plus, uniq_maurice, uniq_joseph
D:8:      layout_basic, uniq_erica
D:9:      layout_roguey, gammafunk_temple_overflow_pools, serial_shops,
          nicolae_shop_crystal
D:10:     layout_grid_maze, hellmonk_lair_entry_icy, st_stairs_2, minivault_16,
          hangedman_misty_isle, uniq_snorg, uniq_urug, uniq_nergalle,
          uniq_psyche
D:11:     layout_big_octagon, gammafunk_ghost_wrathful_warriors,
          cheibriados_altar_1
D:12:     layout_rooms, david_orc_4, gauntlet_entry_generic, trog_butcher_becter
D:13:     minmay_thick_lines, layout_rooms, xom_redecorated
D:14:     layout_loops_ring, grunt_vaults_entry_tiered,
          nicolae_uskayaw_dance_hall, serial_shops,
          nicolae_shop_bloodbath_and_beyond
D:15:     grunt_enter_depths_magical_seal, layout_rooms,
          nzn_wu_jian_contemplation, uniq_louise, uniq_jorgrun
Lair:1:   layout_cave_pods
Lair:2:   layout_regular_city, alex1729_swamp_entry_worm_eleionoma,
          guppyfry_snake_entry_island, st_stairs_10, grunt_megastairs_4
Lair:3:   layout_long_grid, serial_forest, infiniplex_forest_lined_room_,
          infiniplex_forest_clump_double, infiniplex_forest_straight_3,
          infiniplex_forest_straight_2, infiniplex_forest_clump_medium,
          infiniplex_forest_end_1, infiniplex_forest_lined_room_,
          gammafunk_ghost_necromancy
Lair:4:   layout_regular_city, nicolae_slime_entry_field_trip,
          gammafunk_ghost_hive
Lair:5:   hangedman_lair_caniforms_friends, layout_small_grid,
          guppyfry_lair_end_dragon, grunt_megastairs_5
Orc:1:    layout_caves, serial_shops, shop
Orc:2:    hellmonk_orc_salted, layout_caves, serial_shops,
          nicolae_shop_pleasant_corner_grove, mines5_lemuel
Elf:1:    layout_loops_corners, minmay_elf_crystal_hexagon
Elf:2:    elven_hall_of_blades_hangedman_original [nicolae_blade_lattice],
          layout_geoelf_diagonals, minmay_shop_star
Elf:3:    minmay_elf_hall_quartered_circle, layout_gridlike, serial_shops,
          nicolae_square_shop, elf_orc_summit_meeting, uniq_asterion
Depths:1: layout_gridlike, enter_ziggurat_a, serial_shops,
          nicolae_shop_pleasant_corner_grove, nicolae_figureground_pulse,
          hell_entry, rand_demon_pan_entry_9, abyss_entry_flame_altar,
          chequers_decorated_corner, hex_medium, chequers_serial_rivers_large_b,
          kennysheep_flooded_box, dispersion_dpeg, uniq_norris, uniq_nikola,
          uniq_boris

Skill      XL: |  1  2  3  4  5  6  7  8  9 10 11 12 13 14 15 16 17 18 |
---------------+-------------------------------------------------------+-----
Armour         | 1 2 3 5 6 7 8 9 10 11 12 13 14 | 14.2
Fighting       | 1 2 3 4 5 6 7 8 9 10 11 | 11.3
Axes           | 1 2 |  2.8
Dodging        | 2 3 4 5 |  5.6
Stealth        | 3 |  3.2
Evocations     | 1 2 3 4 5 6 7 8 9 10 11 | 11.8
Shields        | 2 3 4 5 7 9 12 14 16 17 18 19 20 | 20.2
Invocations    | 1 3 4 5 6 7 8 9 10 11 | 11.8
Maces & Flails | 1 3 4 5 6 7 8 9 10 12 | 12.4
Throwing       | 2 3 5 6 7 |  7.0
Spellcasting   | |  1.7
Conjurations   | |  3.6

Action                     |  1- 3 |  4- 6 |  7- 9 | 10-12 | 13-15 | 16-18 || total
---------------------------+-------+-------+-------+-------+-------+-------++-------
  Melee: Hand axe          |    24 |   168 |    13 |       |       |       ||   205
         Tailslap          |     4 |    24 |    67 |   157 |   168 |   186 ||   606
         Flail             |       |       |   422 |   909 |       |       ||  1331
         Eveningstar       |       |       |       |       |   934 |  1276 ||  2210
  Throw: Javelin           |       |       |       |       |       |     1 ||     1
   Cast: Magic Dart        |    62 |     9 |       |       |       |       ||    71
 Invoke: Heroism           |       |       |       |    11 |    17 |    15 ||    43
         Finesse           |       |       |       |     1 |     6 |     5 ||    12
         Receive Weapon    |       |       |       |       |     1 |       ||     1
         Receive Armour    |       |       |       |       |     1 |       ||     1
         Duel              |       |       |       |       |     1 |       ||     1
  Evoke: Wand              |       |    11 |     5 |    23 |     3 |     7 ||    49
    Use: Scroll            |       |     8 |     3 |    15 |    12 |     8 ||    46
         Potion            |       |     2 |     2 |       |     1 |    15 ||    20
   Stab: Sleeping          |       |     3 |       |       |       |       ||     3
         Distracted        |       |       |       |       |       |     1 ||     1
 Armour: Robe              |    13 |    20 |       |       |       |       ||    33
         Ring mail         |       |    59 |       |       |       |       ||    59
         Scale mail        |       |    56 |   347 |       |    42 |       ||   445
         Chain mail        |       |       |    79 |   737 |   399 |       ||  1215
         Plate armour      |       |       |       |       |   388 |   708 ||  1096
  Dodge: Dodged            |     9 |    38 |    50 |   148 |   148 |   119 ||   512
  Block: Tower shield      |       |   121 |   468 |  1216 |  1480 |  1147 ||  4432
